cohdb
Replays
Latest Replays
All Replays
Popular Replays
Top Player Replays
Match Explorer
How It Works
Community
CoH3 Stats
Reddit
Sign in to upload your games and track your stats! →
Sign in with Steam
Match 25520964
Unlisted
Match 25520964
Overview
Messages
Build Orders
End
Construct Barracks
Selects Advanced Infantry Battlegroup
Riflemen Squad
Riflemen Squad
Riflemen Squad
Mechanized Support Center
Selects Artillery Observers
Grenade Package
M1 Mortar Team
Selects Convert to Ranger Squad
Construct Motor Pool
Selects Frontline Medical Station
M1 Anti-tank Gun Team
Frontline Medical Station
Frontline Medical Station
Convert to Ranger Squad
Construct Tank Depot
Frontline Medical Station
Riflemen Squad
Selects Infantry Assault
Infantry Assault
M4A1 Sherman Medium Tank
Infantry Assault
Selects M2A1 105mm Howitzer Emplacement
M4A1 Sherman Medium Tank
Infantry Assault
Engineer Squad
M4A1 76mm Conversion
zintoko
DoMxNightM4rE
Cr6como-
pagep
Knuthi
Ham
0
0
Comments
sign in to comment!
No comments posted yet!